 Dungeon Crawl Stone Soup version 0.18-a0-824-g47fe746 (webtiles) character file.

207 JokEr the Insei (level 5, -7/36 HPs)
             Began as an Octopode Transmuter on Dec 17, 2015.
             Mangled by a gnoll
             ... wielding a +0 halberd
              (15 damage)
             ... on level 3 of the Dungeon.
             The game lasted 00:04:56 (4209 turns).

JokEr the Insei (Octopode Transmuter)               Turns: 4209, Time: 00:04:57

Health: -7/36      AC:  1    Str:  9    XL:     5   Next: 85%
Magic:  7/8        EV:  7    Int: 17    God:
Gold:   150        SH:  0    Dex: 12    Spells: 2 memorised, 3 levels left

rFire  . . .     SeeInvis .       - Unarmed
rCold  . . .     Gourm    .     (no shield)
rNeg   . . .     Faith    .     (helmet restricted)
rPois  .         Spirit   .     (no amulet)
rElec  .         Dismiss  .     (no ring)
rCorr  .         Reflect  .     (no ring)
SustAt .         Harm     .     (no ring)
MR     .....                    (no ring)
Stlth  ++........               (no ring)
                                (no ring)
                                (no ring)
                                (no ring)

@: appendage, not resistant to hostile enchantments, unstealthy
A: almost no armour, amphibious, 8 rings, constrict 8, tentacle spike 3,
camouflage 1, gelatinous body 1
a: End Transformation


You were on level 3 of the Dungeon.
You were hungry.
One of your tentacles had a temporary spike.
You visited 1 branch of the dungeon, and saw 4 of its levels.

You collected 150 gold pieces.

Inventory:

Missiles
 a - 12 arrows
Potions
 e - a potion of might {unknown}
 g - 2 potions of curing
 h - 2 potions of heal wounds {unknown}
 j - a potion of magic {unknown}
Books
 b - a book of Changes

   Spells                             Type                      Level
   a - Beastly Appendage              Transmutation                1
   b - Sticks to Snakes               Transmutation                2
   c - Spider Form                    Transmutation/Poison         3
   d - Ice Form                       Ice/Transmutation            4
   e - Blade Hands                    Transmutation                5
Comestibles
 c - a bread ration
 f - a beef jerky


   Skills:
 + Level 3.2 Fighting
 - Level 2.0 Dodging
 + Level 4.4 Unarmed Combat
 - Level 2.0 Spellcasting
 + Level 3.5 Transmutations


You had 3 spell levels left.
You knew the following spells:

 Your Spells              Type           Power        Failure   Level  Hunger
a - Beastly Appendage     Trmt           ##....       4%          1    #......
b - Ice Form              Ice/Trmt       #.......     89%         4    #####..


Dungeon Overview and Level Annotations

Branches:
Dungeon (4/15)
 Temple: D:4-7

Altars:


Innate Abilities, Weirdness & Mutations

You cannot wear most types of armour.
You are amphibious.
You can wear up to eight rings at the same time.
You can use your tentacles to constrict eight enemies at once.
Your skin changes colour to match your surroundings (Stealth).
Your rubbery body absorbs attacks (AC +1).
One of your tentacles bears a large vicious spike.


Message History

The gnoll hits you with a spear. The gnoll hits you with a halberd.
You climb upwards.
There is a stone staircase leading down here.
You barely miss the gnoll. You grab the gnoll. You constrict the gnoll.
The gnoll hits you with a spear! The gnoll closely misses you.
You tentacle-slap the gnoll but do no damage.
The gnoll is lightly wounded.
You constrict the gnoll. The gnoll hits you with a spear.
You completely miss the gnoll.
The gnoll is moderately wounded.
You constrict the gnoll. The gnoll hits you with a halberd!
* * * LOW HITPOINT WARNING * * *
The gnoll closely misses you.
Casting: Beastly Appendage
Confirm with . or Enter, or press ? or * to list all spells.
One of your tentacles grows a vicious spike.
You constrict the gnoll. The gnoll closely misses you.
The gnoll closely misses you.
You release your grip on the gnoll.
The gnoll hits you with a halberd!
You die...

#...##.# #.........###
#...)..# #............
#...#### #........####
#...######....).†.####
#.....................
#...#.####........####
##.........<#.........
#...g##########......
#..)@g...............
##..#############....
#.######## #....
#........# #....
#..#####.# ####. #..#
#.### #. ##..### #...#
#. #.....# ###.# #.
#.....#####.# ######.


You could see 2 gnolls.

Vanquished Creatures
  Terence (D:3)
  A worker ant (D:3)
  A gnoll (D:3)
  7 adders
  An ooze (D:3)
  3 worms
  An orc (D:3)
  11 bats
  7 goblins
  11 hobgoblins
  A quokka (D:3)
  3 ball pythons
  4 giant cockroaches
  A giant gecko (D:1)
  5 giant newts
  5 jackals (D:1)
  5 kobolds
  6 rats
74 creatures vanquished.

Notes
Turn   | Place    | Note
--------------------------------------------------------------
     0 | D:1      | JokEr the Octopode Transmuter began the quest for the Orb.
     0 | D:1      | Reached XP level 1. HP: 13/13 MP: 3/3
   137 | D:1      | Reached XP level 2. HP: 16/18 MP: 5/5
  1008 | D:1      | Reached XP level 3. HP: 24/24 MP: 6/6
  1750 | D:2      | Reached XP level 4. HP: 28/30 MP: 7/7
  2681 | D:3      | Reached skill level 4 in Unarmed Combat
  2704 | D:3      | HP: 2/45 [poisoned by an adder]
  3286 | D:3      | Reached XP level 5. HP: 36/36 MP: 8/8
  3916 | D:3      | Noticed Terence
  3927 | D:3      | Killed Terence
  4187 | D:3      | Learned a level 4 spell: Ice Form
  4209 | D:3      | Mangled by a gnoll

Vault maps used:
D:1:      scummos_arrival_simple_crosswalls
D:2:      grunt_decor_arrowhead, hangedman_feature_mirror
D:3:      uniq_terence
D:4:      first_bread

Action                   |  1- 3 |  4- 6 || total
-------------------------+-------+-------++-------
Melee: Unarmed           |    93 |   105 ||   198
 Cast: Beastly Appendage |     2 |     5 ||     7
  Use: Scroll            |     2 |     4 ||     6
       Potion            |       |     1 ||     1
 Stab: Sleeping          |     9 |     5 ||    14
       Distracted        |     1 |       ||     1
  Eat: Chunk             |     2 |     3 ||     5
       Bread ration      |       |     1 ||     1
